 Dungeon Crawl Stone Soup version 0.16-a0-702-gf4f471d (webtiles) character file.

3010 Jenx the Cleaver (level 9, 0/74 HPs)
             Began as a Deep Dwarf Fighter on Sept 20, 2014.
             Was a Believer of Makhleb.
             Killed by the air
             ... invoked by Gastronok
              (28 damage)
             ... on Level 9 of the Dungeon on Sept 21, 2014.
             The game lasted 00:25:22 (6904 turns).

Jenx the Cleaver (Deep Dwarf Fighter)               Turns: 6904, Time: 00:25:22

HP   0/74        AC 18     Str 21      XL: 9   Next: 55%
MP   5/5         EV  4     Int 12      God: Makhleb [**....]
Gold 580         SH  9     Dex 11 (12) Spells:  0 memorised,  8 levels left

rFire  . . .     SeeInvis +     a - +0 war axe
rCold  . . .     Clarity  .     y - +0 plate armour
rNeg   . . .     rCorr    .     c - +0 shield
rPois  .         rRot     .     M - +0 helmet
rElec  .         Spirit   .     P - +0 cloak
SustAb .         Warding  .     S - +0 pair of gloves
rMut   +         Stasis   .     K - +0 pair of boots
Gourm  .                        g - amulet of resist mutation
MR     +....                    O - +1 ring of strength
                                i - ring of see invisible

@: non-regenerating, drained, somewhat resistant to hostile enchantments,
extremely unstealthy
A: damage resistance, recharge devices, sense surroundings 2, slow healing 3
a: Device Recharging, Minor Destruction, Renounce Religion


You were on level 9 of the Dungeon.
You worshipped Makhleb.
Makhleb was pleased with you.
You were not hungry.

You visited 2 branches of the dungeon, and saw 10 of its levels.
You also visited: Sewer.

You collected 580 gold pieces.

Inventory:

Hand weapons
 a - a +0 war axe (weapon)
 b - a +0 blowgun
 p - a +1 morningstar of freezing
 F - a +1 dagger of venom
Missiles
 z - 6 tomahawks (quivered)
 E - 19 poisoned needles
 W - 5 silver tomahawks
Armour
 c - a +0 shield (worn)
 y - a +0 plate armour (worn)
 K - a +0 pair of boots (worn)
 M - a +0 helmet (worn)
 P - a +0 cloak (worn)
 S - a +0 pair of gloves (worn)
Magical devices
 d - a wand of heal wounds (1)
 j - a wand of confusion (10)
 G - a wand of confusion (5)
 N - a wand of frost (3)
Comestibles
 f - 3 bread rations
 o - 2 meat rations
Scrolls
 l - 2 scrolls of recharging
 m - 3 scrolls of identify
 n - 4 scrolls of fog
 q - 4 scrolls of remove curse
 v - 2 scrolls of teleportation {unknown}
 x - 2 scrolls of enchant weapon {unknown}
 J - a scroll of random uselessness {unknown}
 U - a scroll of magic mapping {unknown}
Jewellery
 g - an amulet of resist mutation (around neck)
 i - a ring of see invisible (left hand)
 H - an uncursed ring of protection from cold
 I - an uncursed ring of positive energy
 O - a +1 ring of strength (right hand)
 R - an uncursed ring of fire
Potions
 e - a potion of might
 h - a potion of agility {unknown}
 k - 6 potions of heal wounds
 r - a potion of cure mutation {unknown}
 s - 6 potions of restore abilities
 t - 9 potions of curing
 u - 3 potions of brilliance
 w - 2 potions of poison {unknown}
 A - 2 potions of haste {unknown}
 B - a potion of invisibility {unknown}
 D - a potion of porridge
 L - a potion of magic {unknown}
 Q - a potion of lignification {unknown}
Books
 V - a book of Power

   Spells                             Type                      Level
   Fulminant Prism                    Conjuration/Hexes            4
   Iskenderun's Mystic Blast          Conjuration                  4
   Venom Bolt                         Conjuration/Poison           5
   Bolt of Magma                      Conjuration/Fire/Earth       5
   Iron Shot                          Conjuration/Earth            6
   Orb of Destruction                 Conjuration                  7


   Skills:
 - Level 2.6(2.4) Fighting
 * Level 12.2(11.9) Axes
 - Level 3.2(2.9) Throwing
 + Level 7.3(7.0) Armour
 - Level 3.2(3.0) Shields


You had 8 spell levels left.
You didn't know any spells.

Dungeon Overview and Level Annotations

Branches:
Dungeon (9/15)             Temple (1/1) D:7
    Orc: D:9-12        Lair: D:8-11

Altars:
Ashenzari
Cheibriados
Dithmenos
Fedhas
Gozag
Kikubaaqudgha
Makhleb
Okawaru
Qazlal
Ru
Sif Muna
Vehumet
Xom
Yredelemnul
Zin
The Shining One

Annotations:
D:9 Gastronok


Innate Abilities, Weirdness & Mutations

You are resistant to damage.
You can recharge devices by infusing magical energy.
You passively map the area around you.
You do not heal naturally.


Message History

You hit Gastronok but do no damage.
Gastronok is lightly wounded.
You slash the bat!
You kill the bat!
The bat's corpse disappears in a puff of smoke!
You hit Gastronok.
Gastronok is lightly wounded.
Gastronok bites you!
You hit Gastronok.
Gastronok is moderately wounded.
You hit Gastronok.
Gastronok is moderately wounded.
Gastronok's eyestalks stretch out, then return to normal size.
You hit Gastronok but do no damage.
Gastronok is moderately wounded.
You hit Gastronok but do no damage.
Gastronok is moderately wounded.
Gastronok waves his eye-stalks in wide circles.
The air twists around and strikes you!
You die...

# ##.#######...........#,
* #........#...........#.#
* #........#.............#
*
#........#.(...........#,
, ##.#<#####.............#
,, ...#.#
##..........##... ,
.....#.#*
#...............#, *
........###...............
........+.......@...#....
* #.......##......w...#...
* * ,
........#......(..(#.. ,
........+.#####($..# , , *
..##...## #(...#,, * , #..
** , ...(... , *,
.##....,, ,* * , ,, , , .
*... , ,, , , , . *


You could see Gastronok.

Vanquished Creatures
  A deep elf mage (D:9)
  A hungry ghost (D:8)
  An orc warrior (D:9)
  An ice beast (D:5)
  A necrophage (D:6)
  4 ogres
  3 centaurs
  Blork the orc (D:7)
  A cyclops zombie (D:9)
  2 big kobolds
  A giant frog (D:6)
  A wyvern zombie (D:8)
  5 wights (D:9)
  5 killer bees (D:9)
  A goliath beetle (D:6)
  A crimson imp (D:8)
  6 hounds
  A giant frog zombie (D:6)
  A quasit (D:9)
  7 orc priests
  4 worker ants
  3 iguanas
  4 orc wizards
  An ogre skeleton (D:4)
  A gnoll (D:2)
  9 adders
  A green rat (Sewer)
  3 worms
  A giant mite (D:4)
  An orc zombie (D:8)
  8 giant geckos
  An ooze (D:3)
  20 orcs
  5 giant cockroaches
  16 goblins
  13 hobgoblins
  15 jackals
  23 kobolds
  2 quokkas
  2 ball pythons
  11 bats
  7 giant newts
  A hobgoblin zombie (D:5)
  A kobold zombie (D:8)
  19 rats
217 creatures vanquished.

Notes
Turn   | Place    | Note
--------------------------------------------------------------
     0 | D:1      | Jenx, the Deep Dwarf Fighter, began the quest for the Orb.
     0 | D:1      | Reached XP level 1. HP: 20/20 MP: 1/1
   207 | D:1      | Reached XP level 2. HP: 24/27 MP: 2/2
   471 | D:2      | Reached skill level 4 in Axes
   471 | D:2      | Reached XP level 3. HP: 25/33 MP: 3/3
   641 | D:2      | Reached XP level 4. HP: 27/40 MP: 4/4
   656 | D:2      | Reached skill level 5 in Axes
   837 | D:2      | Found a blossoming altar of Fedhas.
   972 | D:2      | Found a stormy altar of Qazlal.
  1220 | D:3      | Reached XP level 5. HP: 36/46 MP: 5/5
  1250 | D:3      | Reached skill level 6 in Axes
  2028 | D:4      | Noticed an ogre
  2045 | D:4      | Killed an ogre
  2045 | D:4      | Reached XP level 6. HP: 44/55 MP: 6/6
  2144 | D:4      | Found a shattered altar of Ashenzari.
  2191 | D:4      | Reached skill level 7 in Axes
  2209 | D:4      | Noticed an ogre
  2224 | D:4      | Killed an ogre
  2228 | D:4      | Noticed an ogre
  2229 | D:4      | Found a snail-covered altar of Cheibriados.
  2237 | D:4      | Killed an ogre
  2237 | D:4      | Reached XP level 7. HP: 36/61 MP: 6/6
  2433 | D:4      | Found a glowing drain.
  2442 | Sewer    | Entered a sewer
  2501 | Sewer    | Reached skill level 5 in Armour
  2540 | Sewer    | Found a white marble altar of Elyvilon.
  2730 | D:4      | Reached skill level 8 in Axes
  3170 | D:5      | Entered Level 5 of the Dungeon
  3252 | D:5      | Reached skill level 1 in Throwing
  3802 | D:5      | Reached skill level 9 in Axes
  3802 | D:5      | Reached XP level 8. HP: 30/68 MP: 6/6
  3898 | D:5      | Found an opulent altar of Gozag.
  4415 | D:6      | Found a radiant altar of Vehumet.
  4774 | D:6      | Reached skill level 10 in Axes
  5031 | D:7      | Noticed Blork the orc
  5045 | D:7      | Killed Blork the orc
  5168 | D:7      | Found a staircase to the Ecumenical Temple.
  5178 | Temple   | Entered the Ecumenical Temple
  5288 | Temple   | Became a worshipper of Makhleb the Destroyer
  5531 | D:7      | Found a deep blue altar of Sif Muna.
  5914 | D:8      | Reached skill level 11 in Axes
  5916 | D:8      | Gained mutation: You passively map the area around you. [level up]
  5916 | D:8      | Reached XP level 9. HP: 27/74 MP: 6/6
  6099 | D:8      | Acquired Makhleb's first power
  6721 | D:9      | HP: 3/74 [orc (2)]
  6746 | D:9      | Acquired Makhleb's second power
  6790 | D:9      | Reached skill level 12 in Axes
  6882 | D:9      | Noticed Gastronok
  6904 | D:9      | Killed from afar by Gastronok

Action                   |  1- 3 |  4- 6 |  7- 9 || total
-------------------------+-------+-------+-------++-------
Melee: War axe           |    96 |   251 |   575 ||   922
 Fire: Blowgun           |       |       |     6 ||     6
Throw: Tomahawk          |       |     9 |     1 ||    10
 Abil: Device Recharging |       |     1 |     3 ||     4
Evoke: Wand              |       |    10 |    19 ||    29
  Use: Scroll            |       |       |    16 ||    16
       Potion            |       |       |     1 ||     1
  Eat: Chunk             |       |     5 |     3 ||     8
       Fruit             |       |       |     7 ||     7
       Beef jerky        |       |       |     2 ||     2
       Pizza             |       |       |     2 ||     2
       Bread ration      |       |       |     1 ||     1
